 Dungeon Crawl Stone Soup version 0.30-a0-393-g54b8e3be05 (webtiles) character file.

Game seed: 7089900581880383623

1406 thirstyecho the Fighter (level 8, -2/61 HPs)
             Began as an Octopode Chaos Knight on Dec 5, 2022.
             Was a Believer of Okawaru.
             Slain by a gnoll
             ... wielding a +2 halberd of chaos
             ... led by a gnoll sergeant
              (5 damage)
             ... on level 6 of the Dungeon.
             The game lasted 00:06:35 (5239 turns).

thirstyecho the Fighter (Octopode Chaos Knight)     Turns: 5239, Time: 00:06:36

Health: -2/61      AC:  1    Str: 12    XL:     8   Next: 70%
Magic:  0/10       EV: 13    Int: 16    God:    Okawaru [**....]
Gold:   357        SH:  7    Dex: 11    Spells: 4/7 levels left

rFire   + + .      SeeInvis .    a - +0 spear (chaos)
rCold   . . .      Faith    .    x - +0 kite shield
rNeg    . . .      Spirit   +    (helmet restricted)
rPois   .          Reflect  .    h - amulet of guardian spirit
rElec   .          Harm     .    l - ring of willpower
rCorr   .          Rampage  .    q - ring of protection from fire
Will    +....                    A - ring of protection from fire
Stlth   ++........               (no ring)
HPRegen 0.30/turn                (no ring)
MPRegen 0.12/turn                (no ring)
                                 (no ring)
                                 (no ring)

@: brilliant, lethally poisoned (-2 -> -14)
A: almost no armour, amphibious, 8 rings, camouflage 1, gelatinous body 1,
(nimble swimmer 1), tentacles, subdued magic 1
a: Renounce Religion, Heroism


You were on level 6 of the Dungeon.
You worshipped Okawaru.
Okawaru was pleased with you.
You visited 2 branches of the dungeon, and saw 8 of its levels.

You collected 357 gold pieces.

Inventory:

Hand Weapons
 a - a +0 spear of chaos (weapon)
 j - a +2 dagger of venom
 n - a +0 war axe
 y - a +0 vorpal mace
 B - a +0 trident
Missiles
 r - 6 poisoned darts
 z - 3 boomerangs
Armour
 x - a +0 kite shield (worn)
Jewellery
 h - an amulet of guardian spirit (around mantle)
 l - a ring of willpower (left tentacle)
 q - a ring of protection from fire (right tentacle)
 A - a ring of protection from fire (on tentacle)
Wands
 w - a wand of paralysis (6)
Scrolls
 f - a scroll of brand weapon
 g - 5 scrolls of noise {unknown}
 o - a scroll of magic mapping {@r5}
 p - a scroll of vulnerability
 t - 3 scrolls of poison {unknown}
 u - a scroll of summoning
 C - a scroll of silence
 E - 2 scrolls of enchant weapon {unknown}
 H - a scroll of teleportation {unknown}
 J - a scroll of immolation {unknown}
Potions
 c - 2 potions of might {unknown}
 d - 4 potions of brilliance
 e - 3 potions of curing {unknown}
 i - 3 potions of heal wounds {unknown}
 k - a potion of resistance {unknown}
 m - a potion of flight {unknown}
 s - a potion of mutation {unknown}
 v - 4 potions of lignification {unknown}
 D - a potion of degeneration {unknown}
 F - a potion of haste {unknown}
 G - a potion of attraction {unknown}
 I - a potion of magic {unknown}
Miscellaneous
 b - a piece from Xom's chessboard (15/15) (quivered)


   Skills:
 - Level 8.1 Fighting
 - Level 3.0 Polearms
 + Level 6.0 Dodging
 + Level 1.4 Shields
 - Level 3.8 Invocations
 + Level 1.6 Evocations


You had 4 spell levels left.
You knew the following spells:

 Your Spells              Type           Power      Damage    Failure   Level
a - Passwall              Tmut/Erth      0%         N/A       73%         2
b - Apportation           Tloc           0%         N/A       58%         1

Your spell library contained the following spells:

 Spells                   Type           Power      Damage    Failure   Level
 Sandblast                Erth           0%         2d4       58%         1
 Gell's Gravitas          Tloc           0%         N/A       92%         3
 Stone Arrow              Conj/Erth      0%         3d7       92%         3
 Teleport Other           Tloc           0%         N/A       92%         3
 Manifold Assault         Tloc           0%         N/A       100%        4
 Alistair's Intoxication  Tmut/Pois      0%         N/A       100%        5
 Dispersal                Tloc           0%         N/A       100%        6
 Disjunction              Tloc           0%         N/A       100%        8


Dungeon Overview and Level Annotations

Branches:
Dungeon (7/15)             Temple (1/1) D:5

Altars:
Ashenzari
Cheibriados
Dithmenos
Elyvilon
Gozag
Hepliaklqana
Kikubaaqudgha
Makhleb
Nemelex Xobeh
Okawaru
Qazlal
Ru
Sif Muna
Trog
Uskayaw
Vehumet
Xom
Yredelemnul
Zin
The Shining One

Shops:
D:5 [

Annotations:
D:5 exclusion: ice beast
D:6 3 runed translucent doors, lorin's ghost, novice FoFi


Innate Abilities, Weirdness & Mutations

You cannot wear most types of armour.
You are amphibious.
You can wear up to eight rings at the same time.
Your skin changes colour to match your surroundings (Stealth+).
Your rubbery body absorbs attacks. (AC +1, EV +1)
((You are camouflaged when in or above water. (Stealth+)))
You have tentacles for arms and can constrict up to eight enemies at once.
Your spells are a little easier to cast, but a little less powerful.


Message History

You feel sick.
You feel sick.
You feel sick.
You feel sick.
You feel sick.
You are no longer poisoned.
The gnoll sergeant hits you with a +0 spear of venom!
You are poisoned.
You closely miss the gnoll sergeant. You grab the gnoll sergeant.
You constrict the gnoll sergeant, but do no damage.
You feel very sick. The gnoll closely misses you.
You block the gnoll sergeant's attack.
You hit the gnoll sergeant but do no damage.
You squeeze the gnoll sergeant, but do no damage.
You constrict the gnoll sergeant, but do no damage.
You feel sick. You block the gnoll's attack.
The gnoll sergeant hits you with a +0 spear of venom!
You are more poisoned.
You hit the gnoll sergeant but do no damage.
The gnoll sergeant is poisoned.
You tentacle-slap the gnoll sergeant.
You feel like a meek peon again.
You constrict the gnoll sergeant.
You feel very sick. You block the gnoll's attack.
You hit the gnoll sergeant but do no damage.
You constrict the gnoll sergeant.
You feel very sick. You block the gnoll sergeant's attack.
The gnoll hits you from afar with a +2 halberd of chaos!
* * * LOW HITPOINT WARNING * * *
The gnoll freezes you.
* * * LOW HITPOINT WARNING * * *
The gnoll sergeant closely misses you.
It was a potion of brilliance.
You feel clever all of a sudden.
You constrict the gnoll sergeant.
* * * LOW HITPOINT WARNING * * *
You feel very sick.
The gnoll hits you from afar with a +2 halberd of chaos!
You die...

.#..........#
...##.......#
...##.......#
...##.......#
...##.......# ##
##.##.......# .#
.##.......# .#
#.####....#######.#
#.....).....ggg@..#
######....#########
###)##
#~~~~~g)~~~~~~#
#~....)..g...~#
#~.....♣.....~#
#~..... ..g..~#
#~..♣.. ..♣..~#
#~.(♣$. ..♣..~#


You could see a gnoll sergeant (very poisoned) and 2 gnolls.

Vanquished Creatures
  2 steam dragons (D:6)
  A water moccasin (D:6)
  2 black bears
  A centaur (D:6)
  2 phantoms
  A scorpion (D:6)
  3 howler monkeys
  A gnoll bouda (D:5)
  4 hounds
  3 orc priests
  An orc wizard (D:4)
  7 gnolls
  3 adders
  3 white imps
  2 worms (D:2)
  A dart slug (D:2)
  12 orcs
  4 endoplasms
  3 giant cockroaches
  6 goblins
  7 hobgoblins
  3 jackals (D:1)
  2 kobolds
  3 quokkas
  5 ball pythons
  5 bats
  A frilled lizard (D:3)
  3 rats
91 creatures vanquished.

Notes
Turn   | Place    | Note
-------+----------+-------------------------------------------
     0 | D:1      | thirstyecho the Octopode Chaos Knight began the quest for
                  | the Orb.
     0 | D:1      | Reached XP level 1. HP: 16/16 MP: 1/1
   160 | D:1      | Reached XP level 2. HP: 21/21 MP: 2/2
   163 | D:1      | XOM: divination: magic mapping
   233 | D:1      | XOM: silly message
   345 | D:1      | Reached XP level 3. HP: 27/27 MP: 3/3
   383 | D:1      | XOM: silly message
   816 | D:2      | Reached skill level 4 in Fighting
   878 | D:2      | XOM: 2-stop teleportation journey
  1274 | D:2      | Reached XP level 4. HP: 33/33 MP: 4/4
  1473 | D:3      | XOM: 1-stop teleportation journey
  1664 | D:3      | Found an iron altar of Okawaru.
  1761 | D:3      | Fell from the grace of Xom
  1761 | D:3      | Became a worshipper of Warmaster Okawaru
  1945 | D:4      | XOM: noise
  2056 | D:4      | Reached skill level 5 in Fighting
  2056 | D:4      | Reached XP level 5. HP: 34/39 MP: 5/5
  2270 | D:4      | Noticed a black bear
  2294 | D:4      | Reached XP level 6. HP: 41/45 MP: 6/6
  2298 | D:4      | Killed a black bear
  2298 | D:4      | Reached * piety under Okawaru
  2299 | D:4      | Reached skill level 6 in Fighting
  2320 | D:4      | XOM: summons 4 hostile shadow creatures
  2748 | D:4      | Reached skill level 1 in Invocations
  2748 | D:4      | Reached XP level 7. HP: 40/53 MP: 4/7
  3083 | D:4      | Learned a level 2 spell: Passwall
  3085 | D:4      | Learned a level 1 spell: Apportation
  3189 | D:5      | Entered Level 5 of the Dungeon
  3434 | D:5      | Found a staircase to the Ecumenical Temple.
  3454 | Temple   | Entered the Ecumenical Temple
  3722 | D:5      | Found a shimmering altar of Xom.
  3782 | D:5      | Found Poinn's Armour Shop.
  4249 | D:6      | XOM: noise
  4265 | D:6      | Reached skill level 7 in Fighting
  4455 | D:6      | Reached ** piety under Okawaru
  4456 | D:6      | Reached skill level 5 in Dodging
  4638 | D:6      | Reached XP level 8. HP: 46/60 MP: 4/10
  4749 | D:6      | XOM: give mutation
  4749 | D:6      | Gained mutation: Your spells are a little easier to cast,
                  | but a little less powerful. [Xom's mischief]
  4985 | D:6      | Reached skill level 8 in Fighting
  5031 | D:6      | Found a runed translucent gate.
  5031 | D:6      | Found a runed translucent gate.
  5038 | D:6      | Found a runed translucent gate.
  5038 | D:6      | Identified the +1 scale mail of the Known World {Contam
                  | Int+7 Dex+3}
  5039 | D:6      | Noticed lorin's ghost (novice FoFi)
  5220 | D:6      | XOM: chaos upgrade
  5226 | D:6      | Reached skill level 1 in Shields
  5226 | D:6      | Reached skill level 1 in Evocations
  5239 | D:6      | HP: 3/61 [poisoned by a gnoll sergeant]
  5239 | D:6      | Slain by a gnoll

Illustrated notes

Levels and vault maps discovered:
D:1:      dpeg_arrival_three_same_balls, layout_loops_ring, skrybe_limestone_x,
          nicolae_grassy_gnolls
D:2:      layout_loops_ring
D:3:      layout_basic, okawaru_gym_becter
D:4:      layout_loops_ring, minmay_starry_boxes
D:5:      layout_rooms, mainiacjoe_overflow_tiny_flanked,
          minmay_temple_entry_proselytizer, small_statue_intersection,
          nicolae_inconvenience_store, kennysheep_generic_room_3
D:6:      layout_basic, biasface_ghost_orc_armoury, kennysheep_generic_room_16
D:7:      layout_basic, fedhas_altar_4, serial_rivers,
          chequers_serial_rivers_large_a, chequers_serial_rivers_marsh,
          chequers_serial_rivers_large_b, chequers_serial_rivers_micro_e,
          chequers_serial_rivers_room_b, minmay_checkerbox
Temple:   nicolae_temple_no_exploring_needed

Skill      XL: |  1  2  3  4  5  6  7  8 |
---------------+-------------------------+-----
Fighting       | 4 5 6 7 8 |  8.1
Dodging        | 3 4 5 6 |  6.0
Invocations    | 1 2 3 |  3.8
Shields        | 1 |  1.4
Evocations     | 1 |  1.6
Polearms       | |  3.0

Action                   |  1- 3 |  4- 6 |  7- 9 || total
-------------------------+-------+-------+-------++-------
Melee: Spear             |    35 |       |    15 ||    50
       Constrict         |    13 |    25 |    20 ||    58
       Tentacles         |    10 |    26 |    26 ||    62
       Dagger            |    32 |    90 |       ||   122
       Trident           |       |     9 |    85 ||    94
       Punch             |       |     1 |     2 ||     3
Invok: Heroism           |       |       |     8 ||     8
Evoke: Wand              |       |       |     3 ||     3
  Use: Scroll            |       |       |     7 ||     7
       Potion            |       |       |     1 ||     1
 Stab: Sleeping          |     8 |     4 |     5 ||    17
       Paralysed         |       |       |     8 ||     8
Armor: Skin              |     3 |    12 |     3 ||    18
Dodge: Dodged            |    25 |    61 |    72 ||   158
Block: Kite shield       |       |       |     8 ||     8

Table legend: (Time is in decaauts)
 A = Elapsed time spent in this place.
 B = Non-inter-level travel time spent in this place.
 C = Inter-level travel time spent in this place.
 D = Time resting spent in this place.
 E = Time spent auto-exploring this place.
 F = Levels seen in this place.
 G = Mean time per level.
                   A        B        C        D        E       F      G
               +--------+--------+--------+--------+--------+-----+--------+
         Total |   5242 |   4836 |    406 |    800 |   3249 |   8 |  655.2 |
       Dungeon |   5074 |   4668 |    406 |    638 |   3249 |   7 |  724.9 |
        Temple |    168 |    168 |      0 |    162 |      0 |   1 |  168.0 |
               +--------+--------+--------+--------+--------+-----+--------+

Top non-repeatable levels by time:
     D:4: 1244 daAuts
     D:5: 1072 daAuts
     D:6: 789 daAuts
     D:1: 756 daAuts
     D:2: 610 daAuts
     D:3: 575 daAuts
  Temple: 168 daAuts
     D:7: 25 daAuts
